[Event "Titled Tuesday Blitz August 15 Early 2023"]
[White "Korpics, Zsolt"]
[Black "Bagrationi, Alexander"]
[WhiteFideId "705241"]
[BlackFideId "14104954"]
[WhiteElo "2361"]
[BlackElo "2622"]
[Result "1-0"]
[Round "2"]
[TimeControl "180+1"]
[Date "2023.08.15"]
[WhiteClock "0:00:05"]
[BlackClock "0:00:00"]
[Board "152"]

1. e4 e5 2. Nf3 Nf6 3. Nxe5 d6 4. Nf3 Nxe4 5. Nc3 Nxc3 6. dxc3 Be7 7. Be3 O-O 8. Qd2 Qe8 9. O-O-O Qa4 10. Kb1 Be6 11. a3 Nc6 12. Nd4 Nxd4 13. cxd4 d5 14. Bd3 b5 15. f4 f5 16. Rhe1 a5 17. Qe2 Bd7 18. Bc1 Bd6 19. b3 Qxd4 20. Bxf5 Qxd1 21. Bxh7+ Kxh7 22. Rxd1 c6 23. g3 a4 24. b4 Rae8 25. Qh5+ Kg8 26. Bb2 Bf5 27. g4 Be4 28. f5 Rf7 29. Qg5 Be7 30. Qe3 Bxb4 31. Qb6 Bf8 32. Qxc6 Ree7 33. Qxb5 Rb7 34. Qe8 Rfc7 35. Qe6+ Kh8 36. Rxd5 Bxc2+ 37. Ka1 Bb3 38. Qe8 Bxd5 39. Qxf8+ Bg8 40. f6 Rf7 41. fxg7+ Kh7 42. Qc5 Rf1+ 43. Bc1 Rb3 44. Qh5+ Kxg7 45. Qg5+ Kf7 46. h4 1-0


[Site "https://www.chess.com"]

[Event "Titled Tuesday Blitz August 15 Early 2023"]
[White "Ovchinnikov, Vsevolod"]
[Black "Polaczek, Richard"]
[WhiteFideId "24176842"]
[BlackFideId "200026"]
[WhiteElo "2621"]
[BlackElo "2356"]
[Result "1-0"]
[Round "2"]
[TimeControl "180+1"]
[Date "2023.08.15"]
[WhiteClock "0:01:26"]
[BlackClock "0:00:43"]
[Board "153"]

1. d4 Nf6 2. c4 e6 3. g3 d5 4. Bg2 dxc4 5. Qa4+ Bd7 6. Qxc4 Bc6 7. Nf3 Nbd7 8. O-O Bd5 9. Qc2 Be4 10. Qa4 c6 11. Nc3 Nb6 12. Qd1 Bxf3 13. Bxf3 Be7 14. b3 O-O 15. Bb2 Nbd5 16. Na4 Nd7 17. Rc1 a6 18. e3 Rc8 19. Qe2 b5 20. Nc3 Nxc3 21. Rxc3 Bb4 22. Rc2 c5 23. a3 Ba5 24. dxc5 1-0


[Site "https://www.chess.com"]

[Event "Titled Tuesday Blitz August 15 Early 2023"]
[White "Ovezdurdyyeva, Jemal"]
[Black "Gamayev, Oleg"]
[WhiteFideId "14001888"]
[BlackFideId "2802813"]
[WhiteElo "2354"]
[BlackElo "2617"]
[Result "0-1"]
[Round "2"]
[TimeControl "180+1"]
[Date "2023.08.15"]
[WhiteClock "0:00:42"]
[BlackClock "0:02:04"]
[Board "154"]

1. e4 d6 2. d4 Nf6 3. Nc3 e5 4. Nf3 exd4 5. Nxd4 Be7 6. Be2 O-O 7. O-O Re8 8. Be3 c6 9. f3 Bf8 10. Qd2 d5 11. exd5 Nxd5 12. Nxd5 Qxd5 13. Bd3 Nd7 14. Be4 Qh5 15. Bg5 Nc5 16. Rae1 Ne6 17. Nxe6 Bxe6 18. Be3 Rad8 19. Qf2 a6 20. a3 Bc4 21. Bb6 Bxf1 22. Bxd8 Bc5 0-1


[Site "https://www.chess.com"]

[Event "Titled Tuesday Blitz August 15 Early 2023"]
[White "Silva, Pedro Gil Ferreira Da"]
[Black "Ezat, Mohamed"]
[WhiteFideId "1946102"]
[BlackFideId "10600906"]
[WhiteElo "2353"]
[BlackElo "2616"]
[Result "0-1"]
[Round "2"]
[TimeControl "180+1"]
[Date "2023.08.15"]
[WhiteClock "0:01:51"]
[BlackClock "0:01:06"]
[Board "155"]

1. c4 Nf6 2. Nf3 b6 3. g3 Bb7 4. Bg2 g6 5. O-O Bg7 6. Nc3 O-O 7. d4 d5 8. Ne5 c6 9. Bf4 Nbd7 10. Rc1 Rc8 11. Qb3 dxc4 12. Nxc4 Nd5 13. Nxd5 cxd5 14. Ne5 Nxe5 15. Bxe5 Bxe5 16. dxe5 e6 17. h4 Qe7 18. h5 Qg5 19. hxg6 Rxc1 20. gxh7+ Kh8 21. f4 Rxf1+ 22. Bxf1 Qg6 0-1


[Site "https://www.chess.com"]

[Event "Titled Tuesday Blitz August 15 Early 2023"]
[White "FlemingA"]
[Black "Ivanov, Alexey"]
[BlackFideId "4167635"]
[WhiteElo "2348"]
[BlackElo "2614"]
[Result "1-0"]
[Round "2"]
[TimeControl "180+1"]
[Date "2023.08.15"]
[WhiteClock "0:00:56"]
[BlackClock "0:01:22"]
[Board "156"]

1. Nc3 d5 2. d4 c6 3. Bf4 b5 4. a3 Nf6 5. Nf3 Bf5 6. e3 e6 7. Ne5 Bd6 8. f3 h6 9. g4 Bh7 10. h4 a6 11. Bd3 Bxd3 12. Qxd3 Qc7 13. Kf2 Nbd7 14. Nxd7 Qxd7 15. Bxd6 Qxd6 16. e4 dxe4 17. Nxe4 Qf4 18. Nxf6+ Qxf6 19. Qe4 O-O-O 20. Qxc6+ Kb8 21. Qb6+ Kc8 22. Qxa6+ Kc7 23. Qa7+ Kc6 24. Qc5+ Kd7 25. Qxb5+ Ke7 26. Qc5+ Ke8 27. c3 Qf4 28. Rad1 f6 29. Qc6+ Kf7 30. Qe4 Qb8 31. Rd2 g5 32. h5 Rhg8 33. Kg2 Qc8 34. Re1 Rd5 35. c4 Rd6 36. d5 e5 37. b4 Qa6 38. c5 Rdd8 39. Rd3 Qa4 40. Re2 Rg7 41. d6 Kg8 42. c6 1-0


[Site "https://www.chess.com"]

[Event "Titled Tuesday Blitz August 15 Early 2023"]
[White "Sovetbekova, Nurai"]
[Black "Vlassov, Nikolai"]
[WhiteFideId "13801910"]
[BlackFideId "4103360"]
[WhiteElo "2345"]
[BlackElo "2609"]
[Result "0-1"]
[Round "2"]
[TimeControl "180+1"]
[Date "2023.08.15"]
[WhiteClock "0:00:11"]
[BlackClock "0:00:36"]
[Board "157"]

1. d4 Nf6 2. c4 Nc6 3. Nc3 e5 4. d5 Ne7 5. e4 Ng6 6. h4 Bc5 7. h5 Ne7 8. Bg5 Neg8 9. h6 gxh6 10. Bxh6 Nxh6 11. Rxh6 d6 12. Nh3 c6 13. Be2 cxd5 14. Nxd5 Nxd5 15. Qxd5 Be6 16. Rxe6+ fxe6 17. Bh5+ Ke7 18. Qxb7+ Qd7 19. Qb3 Rab8 20. Qg3 Kd8 21. O-O-O Kc7 22. f4 Rhg8 23. Qf3 Qa4 24. fxe5 Qxa2 25. exd6+ Bxd6 26. Rd2 Qa1+ 27. Kc2 Rxb2+ 28. Kd3 Qa3+ 29. Ke2 Rxg2+ 30. Qxg2 Rxd2+ 31. Kxd2 Qb2+ 0-1


[Site "https://www.chess.com"]

[Event "Titled Tuesday Blitz August 15 Early 2023"]
[White "Belov, Alexei"]
[Black "rikchessmx"]
[WhiteFideId "4128206"]
[WhiteElo "2607"]
[BlackElo "2344"]
[Result "1-0"]
[Round "2"]
[TimeControl "180+1"]
[Date "2023.08.15"]
[WhiteClock "0:01:38"]
[BlackClock "0:02:09"]
[Board "158"]

1. e4 e5 2. Nf3 Nc6 3. Bb5 a6 4. Ba4 Bc5 5. c3 b5 6. Bb3 Qf6 7. O-O h6 8. d4 exd4 9. e5 Qg6 10. cxd4 Bb6 11. Nc3 Nge7 12. Nh4 Qh7 13. Bc2 Qg8 14. Be3 Bb7 15. f4 g5 16. fxg5 hxg5 17. Nf3 g4 18. Ng5 Nxe5 19. Nce4 f5 20. Nf6+ 1-0


[Site "https://www.chess.com"]

[Event "Titled Tuesday Blitz August 15 Early 2023"]
[White "Lana Rodriguez, David"]
[Black "Li, Hui"]
[WhiteFideId "2270803"]
[BlackFideId "15400310"]
[WhiteElo "2582"]
[BlackElo "2343"]
[Result "1-0"]
[Round "2"]
[TimeControl "180+1"]
[Date "2023.08.15"]
[WhiteClock "0:01:26"]
[BlackClock "0:00:00"]
[Board "159"]

1. e4 e5 2. Nf3 Nf6 3. Nxe5 d6 4. Nc4 Nxe4 5. d4 d5 6. Ne3 Be7 7. Bd3 O-O 8. O-O c6 9. c4 Be6 10. Nc3 Nxc3 11. bxc3 dxc4 12. Bxc4 Bxc4 13. Nxc4 Nd7 14. Rb1 Nb6 15. Ne5 Qc7 16. Bf4 Nd5 17. Qc1 Bd6 18. Bg3 Rfe8 19. c4 Nf6 20. Qb2 b6 21. Qb3 Ne4 22. Qe3 Nxg3 23. Qxg3 Bxe5 24. dxe5 Qxe5 25. Qf3 Qe4 26. Qb3 Rad8 27. g3 h6 28. Qb4 c5 29. Qa4 Qb7 30. Rbd1 Qe7 31. Rd5 Rxd5 32. cxd5 Rd8 33. Rd1 Qd6 34. Qxa7 b5 35. Qb7 b4 36. Qb5 g6 37. Qc4 h5 38. h4 Rd7 39. Rd3 Rd8 40. Kg2 Rd7 41. Qe4 Rd8 42. Kh2 Rd7 43. Qc4 Rd8 44. Qb5 Rd7 45. Qa5 c4 46. Rd4 c3 47. Qa8+ Rd8 48. Qa4 Qc5 49. Rd1 Qxf2+ 50. Kh3 Qf5+ 51. Kh2 Qf2+ 52. Kh3 Qf5+ 53. Kg2 Rxd5 54. Qa8+ Kh7 55. Qxd5 Qc2+ 56. Kh3 Qb2 57. Qxf7+ Kh6 58. Qf8+ 1-0


[Site "https://www.chess.com"]

[Event "Titled Tuesday Blitz August 15 Early 2023"]
[White "Bogaudinov, Rushan"]
[Black "Altman, Joshua"]
[WhiteFideId "4129288"]
[BlackFideId "426210"]
[WhiteElo "2342"]
[BlackElo "2579"]
[Result "0-1"]
[Round "2"]
[TimeControl "180+1"]
[Date "2023.08.15"]
[WhiteClock "0:02:03"]
[BlackClock "0:02:26"]
[Board "160"]

1. e4 Nc6 2. Bb5 Nd4 3. Bc4 e5 4. c3 Ne6 5. d4 exd4 6. cxd4 Bb4+ 7. Nc3 Nf6 8. e5 Ne4 9. Qb3 Nxd4 10. Bxf7+ Kf8 11. Bd5 Nxb3 12. axb3 Nxc3 13. Kf1 Nxd5 0-1


[Site "https://www.chess.com"]

[Event "Titled Tuesday Blitz August 15 Early 2023"]
[White "Okike, David"]
[Black "Onufrienko, Vladislav"]
[WhiteFideId "8500134"]
[BlackFideId "13804332"]
[WhiteElo "2340"]
[BlackElo "2576"]
[Result "0-1"]
[Round "2"]
[TimeControl "180+1"]
[Date "2023.08.15"]
[WhiteClock "0:00:00"]
[BlackClock "0:00:07"]
[Board "161"]

1. e4 Nf6 2. e5 Nd5 3. d4 d6 4. c4 Nb6 5. f4 dxe5 6. fxe5 Nc6 7. Be3 Bf5 8. Nc3 Nb4 9. Rc1 e6 10. Nf3 Be7 11. Be2 O-O 12. a3 Nc6 13. b4 f6 14. exf6 Bxf6 15. O-O h6 16. Qd2 Bg4 17. c5 Nd5 18. Nxd5 Qxd5 19. Bc4 Qh5 20. h3 Bxf3 21. Rxf3 Rfe8 22. b5 Nd8 23. Re1 Kh8 24. Bf4 c6 25. a4 b6 26. Qe3 Rc8 27. cxb6 axb6 28. bxc6 Nxc6 29. Be5 Nxe5 30. dxe5 Bg5 31. Qb3 Qh4 32. Ref1 Rxc4 33. Qxb6 Qd4+ 34. Qxd4 Rxd4 35. Ra3 Rd5 36. a5 Rxe5 37. a6 Ra8 38. Rf7 Rf5 39. Rd7 Rb5 40. g3 e5 41. h4 Bd8 42. Rb7 Rb6 43. Rd7 e4 44. a7 Rb1+ 45. Kg2 Bb6 46. Rb7 Rb2+ 47. Kh3 Bd4 48. Rb8+ Rbxb8 49. axb8=Q+ Rxb8 50. Ra4 Rd8 51. Kg4 e3 52. Kf3 Bc5 53. Ke2 Rd2+ 54. Ke1 Kh7 55. Rc4 Bb6 56. h5 Ba5 57. Kf1 e2+ 58. Kf2 Ra2 59. Re4 e1=Q+ 60. Kf3 Qf1+ 61. Kg4 Rf2 62. Re5 Qd1+ 63. Kh3 Qf1+ 64. Kg4 Rf6 0-1


[Site "https://www.chess.com"]

[Event "Titled Tuesday Blitz August 15 Early 2023"]
[White "TimGrutter03"]
[Black "Bashirli, Saadat"]
[BlackFideId "13429990"]
[WhiteElo "2567"]
[BlackElo "2338"]
[Result "1-0"]
[Round "2"]
[TimeControl "180+1"]
[Date "2023.08.15"]
[WhiteClock "0:00:06"]
[BlackClock "0:00:21"]
[Board "162"]

1. Nf3 d5 2. e3 Nf6 3. b4 Bg4 4. Bb2 e6 5. a3 c6 6. h3 Bf5 7. Be2 h6 8. O-O Nbd7 9. d3 Bd6 10. Nbd2 O-O 11. Nd4 Bg6 12. f4 Re8 13. N2f3 e5 14. fxe5 Nxe5 15. Qd2 Qe7 16. Rae1 Qc7 17. Nb3 Rad8 18. Nxe5 Bxe5 19. Bxe5 Rxe5 20. Bf3 Rde8 21. Qf2 b6 22. Nd2 Qe7 23. e4 dxe4 24. Nxe4 Nxe4 25. dxe4 f6 26. Qg3 Bxe4 27. Bxe4 Rxe4 28. Rxe4 Qxe4 29. Rxf6 Qe1+ 30. Qxe1 Rxe1+ 31. Kf2 gxf6 32. Kxe1 Kf7 33. Ke2 Ke6 34. Kf3 f5 35. Kf4 Kf6 36. c4 h5 37. h4 c5 38. b5 Ke6 39. Kg5 Ke5 40. Kxh5 Kf6 41. g3 f4 42. gxf4 Kf5 43. Kh6 Kf6 44. h5 Kf5 45. Kg7 Kxf4 46. h6 Ke4 47. h7 Kd4 48. h8=Q Kxc4 49. Qa8 Kxb5 50. Qxa7 c4 51. Qc7 c3 52. Qxc3 Ka4 53. Qb4# 1-0


[Site "https://www.chess.com"]

[Event "Titled Tuesday Blitz August 15 Early 2023"]
[White "Trifan, Andrei Ioan"]
[Black "Gatterer, Florian"]
[WhiteFideId "12967068"]
[BlackFideId "811688"]
[WhiteElo "2564"]
[BlackElo "2337"]
[Result "1-0"]
[Round "2"]
[TimeControl "180+1"]
[Date "2023.08.15"]
[WhiteClock "0:01:15"]
[BlackClock "0:00:00"]
[Board "163"]

1. Nf3 Nf6 2. b3 g6 3. Bb2 Bg7 4. e3 O-O 5. Be2 c5 6. O-O Nc6 7. c4 d6 8. Nc3 e5 9. d3 Re8 10. a3 h6 11. h3 Be6 12. Nd2 d5 13. cxd5 Nxd5 14. Rc1 b6 15. Qc2 Nxc3 16. Bxc3 Rc8 17. Qb1 Qd7 18. Rfd1 Kh7 19. Bf1 Qe7 20. b4 cxb4 21. axb4 f6 22. b5 Nb8 23. d4 Nd7 24. dxe5 Nxe5 25. Bxe5 fxe5 26. Bd3 Bf7 27. Ne4 Bf8 28. Rxc8 Rxc8 29. Rc1 Qb4 30. Rxc8 Kg7 31. Qxb4 Bxb4 32. Rc7 a5 33. bxa6 1-0


[Site "https://www.chess.com"]

[Event "Titled Tuesday Blitz August 15 Early 2023"]
[White "Aggelis, Nikolaos"]
[Black "Pershina, Elena"]
[WhiteFideId "4213220"]
[BlackFideId "24147516"]
[WhiteElo "2560"]
[BlackElo "2336"]
[Result "1-0"]
[Round "2"]
[TimeControl "180+1"]
[Date "2023.08.15"]
[WhiteClock "0:00:51"]
[BlackClock "0:00:07"]
[Board "164"]

1. c4 c6 2. d4 d5 3. cxd5 cxd5 4. Nc3 Nf6 5. Nf3 Nc6 6. Bf4 Bf5 7. e3 a6 8. h3 e6 9. Nh4 Bg6 10. Nxg6 hxg6 11. Bd3 Bd6 12. Bg5 Qb6 13. a3 Rc8 14. O-O O-O 15. Na4 Qa7 16. Rc1 Nd7 17. h4 b5 18. Nc3 b4 19. axb4 Nxb4 20. Bb1 Nf6 21. Bxf6 gxf6 22. h5 Kg7 23. Qg4 f5 24. Qg5 Rh8 25. g4 fxg4 26. Bxg6 fxg6 27. Qxg6+ Kf8 28. Qf6+ Kg8 29. Qxe6+ Qf7 30. Qxc8+ Kg7 31. Qxg4+ Kf8 32. Na2 Nxa2 33. Rc8+ Ke7 34. Rxh8 1-0


[Site "https://www.chess.com"]

[Event "Titled Tuesday Blitz August 15 Early 2023"]
[White "Ziatdinov, Raset"]
[Black "Nguyen Hong Anh"]
[WhiteFideId "2015323"]
[BlackFideId "12406732"]
[WhiteElo "2330"]
[BlackElo "2556"]
[Result "1-0"]
[Round "2"]
[TimeControl "180+1"]
[Date "2023.08.15"]
[WhiteClock "0:00:07"]
[BlackClock "0:00:04"]
[Board "165"]

1. e4 c5 2. Nf3 Nc6 3. d4 cxd4 4. Nxd4 g6 5. Nc3 Nf6 6. Be3 Bg7 7. Bc4 O-O 8. Bb3 d6 9. f3 Bd7 10. Qd2 Rc8 11. O-O-O Ne5 12. g4 Qa5 13. Kb1 Rfd8 14. h4 h5 15. Bh6 Kh7 16. Bxg7 Kxg7 17. gxh5 Nxh5 18. Rdg1 Nc4 19. Bxc4 Rxc4 20. Rg5 Rc5 21. Rhg1 Rdc8 22. Nf5+ Bxf5 23. Rxh5 Bd7 24. Qh6+ Kf6 25. Nd5+ Rxd5 26. Rxd5 Qb6 27. Qg5+ Kg7 28. h5 Be8 29. hxg6 f6 30. Qg3 Qc6 31. Rd2 Qc5 32. Rh2 Rc6 33. c3 Qb5 34. Qh3 Bxg6 35. Qh8+ Kf7 36. Qh3 Qd3+ 37. Ka1 Qe3 38. Qg3 Rxc3 39. Qxg6+ Ke6 40. bxc3 Qxc3+ 41. Rb2 Qd4 42. Qf5+ Kf7 43. Qd5+ Qxd5 44. exd5 1-0


[Site "https://www.chess.com"]

[Event "Titled Tuesday Blitz August 15 Early 2023"]
[White "Lopez Gracia, Fernando"]
[Black "Hajiyev, Kanan"]
[WhiteFideId "2207184"]
[BlackFideId "13404148"]
[WhiteElo "2325"]
[BlackElo "2538"]
[Result "1-0"]
[Round "2"]
[TimeControl "180+1"]
[Date "2023.08.15"]
[WhiteClock "0:00:14"]
[BlackClock "0:00:14"]
[Board "166"]

1. e4 c6 2. Nf3 d5 3. d3 a6 4. Nc3 Bg4 5. h3 Bh5 6. g4 Bg6 7. Qe2 e6 8. h4 h6 9. Bg2 Nf6 10. Ne5 Bh7 11. g5 Nfd7 12. Nxd7 Nxd7 13. gxh6 d4 14. hxg7 Bxg7 15. Nd1 e5 16. f4 Qa5+ 17. Bd2 Qb6 18. f5 O-O-O 19. b3 Bf8 20. Nb2 Bb4 21. Nc4 Bxd2+ 22. Qxd2 Qc7 23. O-O-O b5 24. Nb2 f6 25. Bf3 Bg8 26. Rdg1 Bf7 27. Rg7 Rdf8 28. h5 Qd6 29. h6 Qa3 30. Kb1 a5 31. h7 Nb6 32. Bh5 Bxh5 33. Rxh5 Nd7 34. Qg2 a4 35. Rg8 Qe7 36. Qg6 a3 37. Nd1 Kc7 38. Rg7 Qb4 39. Kc1 Kd6 40. Rf7 Rxf7 41. Qxf7 Kc7 42. Rh6 Qf8 43. Qg6 Qe7 44. Kd2 Qb4+ 45. Ke2 c5 46. Qf7 c4 47. Rxf6 cxd3+ 48. cxd3 Qc5 49. Kd2 Rf8 50. Qxf8 Nxf8 51. h8=Q Qb4+ 52. Ke2 Nd7 53. Qg7 Qc5 54. Rf7 Qc2+ 55. Ke1 Qc6 56. Rxd7+ Qxd7 57. Qxd7+ Kxd7 58. Kd2 Ke7 59. b4 Kf6 60. Nf2 Kg5 61. Nh3+ Kf6 62. Nf2 Ke7 63. Ng4 Kd6 64. f6 Ke6 65. Ke2 Kf7 66. Kf3 Ke6 67. Kg3 Kf7 68. Kh4 Ke6 69. Kg5 Kf7 70. Nxe5+ Ke8 71. Ng4 Kf7 72. e5 Ke6 73. Kg6 Kd7 74. f7 Ke7 75. Kg7 1-0


[Site "https://www.chess.com"]

[Event "Titled Tuesday Blitz August 15 Early 2023"]
[White "Haszon, David"]
[Black "Peatman, Carter"]
[WhiteFideId "733610"]
[BlackFideId "2096480"]
[WhiteElo "2537"]
[BlackElo "2325"]
[Result "0-1"]
[Round "2"]
[TimeControl "180+1"]
[Date "2023.08.15"]
[WhiteClock "0:00:16"]
[BlackClock "0:00:34"]
[Board "167"]

1. Nf3 d5 2. g3 Bf5 3. Bg2 e6 4. O-O Nf6 5. c4 Nbd7 6. Nc3 c6 7. d4 dxc4 8. Bg5 Be7 9. Re1 Ne4 10. Bxe7 Qxe7 11. Nxe4 Bxe4 12. Nd2 Bxg2 13. Kxg2 b5 14. a4 O-O 15. b3 cxb3 16. axb5 cxb5 17. Qxb3 a6 18. e4 Nb6 19. Rec1 Qd6 20. Nf3 Nc4 21. Qd3 h6 22. Rc3 Rfd8 23. Rd1 Rac8 24. Qc2 Qb6 25. Qc1 Rc7 26. Ne5 Rxd4 27. Rxd4 Qxd4 28. Nxc4 Rxc4 29. Rxc4 bxc4 30. f3 Qd3 31. Qb1 0-1


[Site "https://www.chess.com"]

[Event "Titled Tuesday Blitz August 15 Early 2023"]
[White "Perdomo, Carlos Andres"]
[Black "Martin, Lewis"]
[WhiteFideId "4400852"]
[BlackFideId "410551"]
[WhiteElo "2536"]
[BlackElo "2325"]
[Result "1-0"]
[Round "2"]
[TimeControl "180+1"]
[Date "2023.08.15"]
[WhiteClock "0:00:23"]
[BlackClock "0:00:10"]
[Board "168"]

1. c4 c6 2. Nf3 Nf6 3. Nc3 d5 4. e3 Nbd7 5. d4 e6 6. Qc2 Bd6 7. b3 O-O 8. Bb2 b6 9. Bd3 Bb7 10. O-O Rc8 11. Rac1 Qe7 12. Rfe1 h6 13. e4 dxe4 14. Nxe4 Nxe4 15. Bxe4 Nf6 16. Bd3 c5 17. d5 Bb8 18. Qe2 Rfe8 19. dxe6 Qxe6 20. Qxe6 Rxe6 21. Bf5 Rxe1+ 22. Rxe1 Re8 23. Bxf6 Rxe1+ 24. Nxe1 gxf6 25. f3 Kf8 26. Be4 Bc8 27. g3 Ke7 28. Nd3 f5 29. Bd5 Be6 30. Bc6 Kd6 31. Bb7 a5 32. a4 Ke7 33. f4 f6 34. Kf2 Kd6 35. Bf3 Bc7 36. Ke3 Bd8 37. Nc1 Bf7 38. Ne2 h5 39. h4 Bc7 40. Nc3 Ke7 41. Nb5 Bd8 42. Na7 Kd7 43. Nb5 Be7 44. Bd5 Be8 45. Na7 Bd8 46. Bg8 Bc7 47. Nb5 Bb8 48. Bh7 Ke6 49. Bg8+ Kd7 50. Nc3 Bg6 51. Nd5 Bd6 52. Nxb6+ Kc6 53. Nd5 Bf8 54. Nxf6 Bg7 55. Nd5 Bd4+ 56. Kf3 Be8 57. Be6 Bg6 58. Ne7+ 1-0


[Site "https://www.chess.com"]

[Event "Titled Tuesday Blitz August 15 Early 2023"]
[White "Camilla_Lee"]
[Black "Iunusovnuriddin"]
[WhiteElo "2524"]
[BlackElo "2320"]
[Result "1/2-1/2"]
[Round "2"]
[TimeControl "180+1"]
[Date "2023.08.15"]
[WhiteClock "0:02:20"]
[BlackClock "0:01:06"]
[Board "169"]

1. e4 e5 2. Nf3 Nc6 3. Nc3 Nf6 4. d4 Bb4 5. d5 Ne7 6. Bd3 Bxc3+ 7. bxc3 d6 8. c4 b6 9. a4 a5 10. Bg5 Ng6 11. Qd2 h6 12. Bxf6 Qxf6 13. h3 O-O 14. O-O Nh4 15. Nxh4 Qxh4 16. f3 Bd7 17. Qe3 Rae8 18. Rf2 Qf4 19. Qe2 h5 20. Kf1 h4 21. Ke1 g6 22. Qd2 Kg7 23. Qxf4 exf4 24. Kd2 Kf6 25. Kc3 Ke5 26. Re2 Rh8 27. Ree1 Rh5 28. Re2 Rg5 29. Ra2 Rg3 30. Ra1 Rh8 31. Rd2 Rh5 32. Bf1 Rhg5 33. Re2 Rh5 34. Ra2 Rh8 35. Ra1 Rh7 36. Ree1 Rh6 37. Re2 Rh5 38. Ree1 Rhg5 39. Re2 Rh5 1/2-1/2


[Site "https://www.chess.com"]

[Event "Titled Tuesday Blitz August 15 Early 2023"]
[White "Jogstad, Martin"]
[Black "Degenbaev, Aziz"]
[WhiteFideId "1715364"]
[BlackFideId "13802640"]
[WhiteElo "2319"]
[BlackElo "2517"]
[Result "0-1"]
[Round "2"]
[TimeControl "180+1"]
[Date "2023.08.15"]
[WhiteClock "0:00:00"]
[BlackClock "0:00:44"]
[Board "170"]

1. d4 Nf6 2. Nf3 g6 3. c4 Bg7 4. Nc3 O-O 5. e4 d6 6. h3 e5 7. dxe5 dxe5 8. Qxd8 Rxd8 9. Bg5 c6 10. Nxe5 Re8 11. O-O-O Na6 12. f4 Nh5 13. Nd3 Bxc3 14. bxc3 Ng3 15. Rh2 Nxe4 16. Re1 Bf5 17. g4 Nxg5 18. Rxe8+ Rxe8 19. gxf5 Ne4 20. fxg6 hxg6 21. Re2 f5 22. Bg2 Kg7 23. Kc2 Nf6 24. Ne5 Nh5 25. Rd2 Nxf4 26. Nf3 Nc5 27. Nd4 Re3 28. Rf2 Ncd3 29. Rf3 Ne1+ 30. Kd2 Nexg2 31. Rxe3 Nxe3 32. Kxe3 Nxh3 0-1


[Site "https://www.chess.com"]

[Event "Titled Tuesday Blitz August 15 Early 2023"]
[White "Bach Ngoc Thuy Duong"]
[Black "Samaganova, Aleksandra"]
[WhiteFideId "12408956"]
[BlackFideId "13800221"]
[WhiteElo "2507"]
[BlackElo "2318"]
[Result "1-0"]
[Round "2"]
[TimeControl "180+1"]
[Date "2023.08.15"]
[WhiteClock "0:00:31"]
[BlackClock "0:00:10"]
[Board "171"]

1. d4 Nf6 2. c4 e6 3. Nc3 Bb4 4. Qc2 b6 5. e4 c5 6. d5 d6 7. Bd3 e5 8. Ne2 O-O 9. O-O Bxc3 10. Qxc3 Na6 11. f4 Nd7 12. a3 Nc7 13. Ng3 Re8 14. Nf5 Nf8 15. fxe5 dxe5 16. d6 Na6 17. Ne7+ Kh8 18. Qxe5 Be6 19. Bh6 f6 20. Bxg7+ Kxg7 21. Qxf6# 1-0


[Site "https://www.chess.com"]

[Event "Titled Tuesday Blitz August 15 Early 2023"]
[White "LeoLV10"]
[Black "Prydun, Andriy"]
[BlackFideId "14145898"]
[WhiteElo "2506"]
[BlackElo "2317"]
[Result "1-0"]
[Round "2"]
[TimeControl "180+1"]
[Date "2023.08.15"]
[WhiteClock "0:02:18"]
[BlackClock "0:00:28"]
[Board "172"]

1. e4 d5 2. exd5 Qxd5 3. Nc3 Qd8 4. Bc4 Nf6 5. d3 e6 6. Bd2 Be7 7. h3 O-O 8. Nf3 b6 9. a4 Bb7 10. a5 bxa5 11. Rxa5 Nc6 12. Ra1 Nd4 13. Nxd4 Qxd4 14. O-O Bd6 15. Qe2 Qh4 16. Ra4 h5 17. Ba6 1-0


[Site "https://www.chess.com"]

[Event "Titled Tuesday Blitz August 15 Early 2023"]
[White "Jahnz, Fabian"]
[Black "Mordechai, Hanan"]
[WhiteFideId "4653300"]
[BlackFideId "2804166"]
[WhiteElo "2317"]
[BlackElo "2505"]
[Result "1-0"]
[Round "2"]
[TimeControl "180+1"]
[Date "2023.08.15"]
[WhiteClock "0:00:46"]
[BlackClock "0:00:05"]
[Board "173"]

1. e4 c5 2. Nf3 d6 3. Bb5+ Bd7 4. Bxd7+ Qxd7 5. O-O Nf6 6. Qe2 Nc6 7. Rd1 e5 8. c3 Be7 9. d4 Qc7 10. d5 Nd8 11. c4 O-O 12. Nc3 Ne8 13. a3 f5 14. b4 b6 15. exf5 Rxf5 16. Qe4 g6 17. Nh4 Rf7 18. Rf1 Nf6 19. Qd3 Nh5 20. Nxg6 hxg6 21. Qxg6+ Ng7 22. f4 Nb7 23. f5 Bf6 24. Ne4 Raf8 25. Bg5 Qe7 26. Rf3 Bxg5 27. Nxg5 1-0


[Site "https://www.chess.com"]

[Event "Titled Tuesday Blitz August 15 Early 2023"]
[White "arenal72"]
[Black "Skaric, Djuro"]
[BlackFideId "934569"]
[WhiteElo "2503"]
[BlackElo "2313"]
[Result "0-1"]
[Round "2"]
[TimeControl "180+1"]
[Date "2023.08.15"]
[WhiteClock "0:00:14"]
[BlackClock "0:00:20"]
[Board "174"]

1. e4 d6 2. d4 g6 3. h4 h5 4. Nc3 Bg7 5. Nf3 Nf6 6. Bg5 O-O 7. Bd3 Nc6 8. Qd2 Kh7 9. O-O-O a6 10. Rhe1 Bg4 11. Bf1 b5 12. Nd5 Rb8 13. Qf4 Nxd5 14. exd5 f6 15. dxc6 Bxf3 16. Qxf3 fxg5 17. Qg3 gxh4 18. Qxh4 Rf6 19. g3 Qf8 20. f4 Qf7 21. d5 Re8 22. Bh3 Bh6 23. Be6 Qg7 24. Kb1 Ref8 25. a3 a5 26. Rf1 b4 27. a4 b3 28. cxb3 Rb8 29. Ka2 Rb4 30. Qh2 Rf8 31. f5 g5 32. Rd3 h4 33. gxh4 Rxh4 34. Qc2 Qf6 35. Qc3 Bg7 36. Qxf6 Bxf6 37. Rf2 Kh6 38. Rdd2 g4 39. Rh2 Kg5 40. Rxh4 Kxh4 41. b4 axb4 42. Kb3 g3 43. Kxb4 Kh3 44. Kb5 g2 45. Rxg2 Kxg2 46. b4 Rb8+ 47. Kc4 Kf3 48. a5 Ke4 49. a6 Ra8 50. b5 Bd4 51. f6 exf6 52. Bf7 Rh8 53. Bg6+ Ke5 54. Bd3 Rh1 55. Bg6 Rc1+ 56. Kd3 Rb1 57. Kc4 Rb2 58. Bd3 f5 0-1


[Site "https://www.chess.com"]

[Event "Titled Tuesday Blitz August 15 Early 2023"]
[White "Shapiro, Daniel"]
[Black "djathtaspogradec"]
[WhiteFideId "2001780"]
[WhiteElo "2309"]
[BlackElo "2503"]
[Result "0-1"]
[Round "2"]
[TimeControl "180+1"]
[Date "2023.08.15"]
[WhiteClock "0:00:01"]
[BlackClock "0:00:20"]
[Board "175"]

1. d4 d5 2. c4 e6 3. Nf3 a6 4. cxd5 exd5 5. g3 Nf6 6. Bg2 Bd6 7. O-O O-O 8. Nbd2 Re8 9. Nb3 Bg4 10. Bf4 Bxf3 11. Bxf3 Bxf4 12. gxf4 Nbd7 13. Rc1 c6 14. e3 Ne4 15. Rc2 Qh4 16. Bg2 Re6 17. Qf3 Rh6 18. h3 Ndf6 19. Nc1 g5 20. fxg5 Nxg5 21. Qg3 Kh8 22. Nd3 Nxh3+ 23. Bxh3 Qxh3 24. Qxh3 Rxh3 25. Kg2 Rh6 26. Nc5 Ne4 27. Kf3 Nxc5 28. dxc5 Re8 29. Rc3 Rg6 30. Rb3 Re7 31. Rd1 Rf6+ 32. Ke2 Rfe6 33. Rd4 Re4 34. Rdb4 Rxb4 35. Rxb4 Kg7 36. Kf3 f5 37. Rb6 Kf6 38. b4 Ke5 39. a4 d4 40. exd4+ Kxd4 41. Kf4 Rf7 42. f3 h6 43. Kg3 f4+ 44. Kf2 h5 0-1


[Site "https://www.chess.com"]

[Event "Titled Tuesday Blitz August 15 Early 2023"]
[White "Saucey, Michel"]
[Black "Hirneise, Jens"]
[WhiteFideId "601845"]
[BlackFideId "24614734"]
[WhiteElo "2307"]
[BlackElo "2502"]
[Result "0-1"]
[Round "2"]
[TimeControl "180+1"]
[Date "2023.08.15"]
[WhiteClock "0:01:40"]
[BlackClock "0:01:43"]
[Board "176"]

1. d4 Nf6 2. Nf3 c5 3. d5 g6 4. Nc3 d6 5. e4 Bg7 6. Be2 Bg4 7. O-O Nbd7 8. a4 O-O 9. h3 Bxf3 10. Bxf3 a6 11. Bf4 Ne8 12. Re1 b5 13. axb5 axb5 14. Rxa8 Qxa8 15. Qd2 b4 16. Nd1 Qa2 17. b3 Nc7 18. Bh6 Bxh6 19. Qxh6 Qxc2 20. Ne3 Qc3 21. Rb1 Ra8 22. h4 Ra1 23. Rxa1 Qxa1+ 24. Kh2 Ne5 25. Bd1 Qxd1 0-1


[Site "https://www.chess.com"]